 Dungeon Crawl Stone Soup version 0.21.0 (webtiles) character file.

414 letownia2 the Ruffian (level 6, 0/37 HPs)
             Began as a Gargoyle Fighter on Jan 7, 2018.
             Slain by a hound skeleton (2 damage)
             ... on level 4 of the Dungeon.
             The game lasted 00:04:53 (2076 turns).

letownia2 the Ruffian (Gargoyle Fighter)            Turns: 2076, Time: 00:04:53

Health: 0/37       AC: 14    Str: 19    XL:     6   Next: 91%
Magic:  6/6        EV:  9    Int: 11    God:
Gold:   120        SH:  0    Dex:  9    Spells: 5/5 levels left

rFire    . . .     SeeInvis .     - Unarmed
rCold    . . .     Gourm    .   (no shield)
rNeg     + . .     Faith    .   a - +0 scale mail
rPois    ∞         Spirit   .   (no helmet)
rElec    +         Reflect  .   (no cloak)
rCorr    .         Harm     .   m - +1 pair of gloves
MR       .....                  i - +0 pair of boots
Stlth    ..........             (no amulet)
HPRegen  0.12/turn              (no ring)
MPRegen  0.10/turn              (no ring)

@: no status effects
A: negative energy resistance 1, electricity resistance, unbreathing,
petrification resistance, rot immunity, AC +4
a: no special abilities


You were on level 4 of the Dungeon.
You were not hungry.

You visited 1 branch of the dungeon, and saw 4 of its levels.

You collected 120 gold pieces.

Inventory:

Hand Weapons
 n - a +0 blowgun
 r - a +1 spear of venom
Missiles
 o - 22 poisoned needles
Armour
 a - a +0 scale mail (worn)
 b - a +0 shield
 i - a +0 pair of boots (worn)
 m - a +1 pair of gloves (worn)
Scrolls
 e - a scroll of fear {unknown}
 f - a scroll of enchant armour {unknown}
 j - a scroll of random uselessness {unknown}
 l - 2 scrolls of identify {unknown}
 q - a scroll of noise {unknown}
 s - a scroll of fog {unknown}
Potions
 c - 2 potions of might
 g - a potion of heal wounds {unknown}
 h - 2 potions of agility {unknown}
 p - a potion of curing {unknown}
 t - a potion of degeneration {unknown}
Comestibles
 d - 6 rations
 k - 7 chunks of flesh


   Skills:
 - Level 3.2 Fighting
 - Level 3.2 Armour
 - Level 3.2 Shields
 + Level 7.2 Unarmed Combat


You had 5 spell levels left.
You didn't know any spells.

Dungeon Overview and Level Annotations

Branches:
Dungeon (4/15)
 Temple: D:4-7

Altars:

Annotations:
D:3 kegs's ghost, amateur HOFi


Innate Abilities, Weirdness & Mutations

You are resistant to torment.
Your stone body is resilient. (AC +4)
You are immune to poison.
You resist negative energy. (rN+)
You are resistant to electric shocks. (rElec)
You can survive without breathing.
You are immune to petrification.
You are immune to rotting.


Message History

Okay, then.
The leopard gecko hisses angrily.
You barely miss the ogre. The ogre barely misses you.
A hound skeleton comes into view.
You punch the ogre!
The ogre is moderately wounded.
The ogre hits you with a giant club!!
Ouch! That really hurt!
You are too injured to fight recklessly!
The orc priest shouts!
The orc shouts!
The orc priest looks braver for a moment.
You see here 14 stones.
Some of the chunks of flesh in your inventory have rotted away.
The orc priest invokes the aid of Beogh against you.
Beogh smites you!
* * * LOW HITPOINT WARNING * * *
The hound skeleton bites you but does no damage.
The hound skeleton bites you but does no damage.
The hound skeleton bites you.
You die...

#.## ##.# ##.....l.#.#
##.###.## ##.....##.#
##...## ##...###.#
#.### ##.####.# #.#
########l.....# #<#
#...........O.# #.#
#.##########.## #.# #.#
########o## #.# #.#
#.@Z.O.l..# #.# #.#
#.######).# #.# #.# #.#
#..# #.#
#.###.######..# #.#
#.........##..#########
#.#
#####.###.##..##.......
#.# #.# #.##..##.######
#.# #.###.##..#........
#.# #.........#..######


You could see an ogre, an orc priest, a leopard gecko and a hound skeleton.

Vanquished Creatures
  A bullfrog (D:2)
  A scorpion (D:4)
  A hound (D:4)
  An orc priest (D:4)
  A bullfrog skeleton (D:4)
  An iguana (D:4)
  2 worker ants (D:4)
  Natasha (D:1)
  A howler monkey skeleton (D:4)
  3 adders
  3 gnolls (D:4)
  An ooze (D:2)
  2 dart slugs
  2 leopard geckos
  6 orcs
  2 giant cockroaches (D:1)
  6 goblins
  2 hobgoblins (D:1)
  2 quokkas (D:4)
  2 bats
  3 frilled lizards (D:2)
  A kobold (D:3)
  2 rats (D:2)
47 creatures vanquished.

Notes
Turn   | Place    | Note
-------+----------+-------------------------------------------
     0 | D:1      | letownia2 the Gargoyle Fighter began the quest for the Orb.
     0 | D:1      | Reached XP level 1. HP: 14/14 MP: 1/1
   282 | D:1      | Reached XP level 2. HP: 17/19 MP: 2/2
   360 | D:2      | Noticed Natasha
   373 | D:1      | Killed Natasha
   373 | D:1      | Reached skill level 3 in Unarmed Combat
   373 | D:1      | Reached XP level 3. HP: 4/23 MP: 3/3
   684 | D:2      | Reached skill level 4 in Unarmed Combat
   744 | D:3      | Noticed a bullfrog
   767 | D:2      | Killed a bullfrog
   767 | D:2      | Reached skill level 5 in Unarmed Combat
   767 | D:2      | Reached XP level 4. HP: 4/28 MP: 4/4
   845 | D:2      | Reached XP level 5. HP: 13/32 MP: 5/5
  1118 | D:3      | Noticed kegs's ghost (amateur HOFi)
  1437 | D:4      | Reached skill level 6 in Unarmed Combat
  1437 | D:4      | Reached XP level 6. HP: 20/37 MP: 6/6
  1843 | D:4      | Reached skill level 7 in Unarmed Combat
  2068 | D:4      | HP: 1/37 [orc priest/divine providence (14)]
  2076 | D:4      | Slain by a hound skeleton

Skill      XL: |  1  2  3  4  5  6 |
---------------+-------------------+-----
Unarmed Combat | 3 5 6 7 |  7.2
Fighting       | |  3.2
Armour         | |  3.2
Shields        | |  3.2

Action                   |  1- 3 |  4- 6 || total
-------------------------+-------+-------++-------
Melee: Unarmed           |    91 |   148 ||   239
       Punch             |       |     4 ||     4
  Eat: Chunk             |       |     4 ||     4
Armor: Scale mail        |    62 |    94 ||   156
Dodge: Dodged            |    57 |    57 ||   114
